 Dungeon Crawl Stone Soup version 0.29-a0-284-gf9362112df (webtiles) character file.

Game seed: 2232615611985959790

16 spaghetti the Sneak (level 2, -1/24 HPs)
             Began as a Mummy Delver on Mar 22, 2022.
             Slain by a wyvern (18 damage)
             ... on level 8 of the Dungeon.
             The game lasted 00:01:42 (809 turns).

spaghetti the Sneak (Mummy Delver)                   Turns: 809, Time: 00:01:42

Health: -1/24      AC:  3    Str: 15    XL:     2   Next: 41%
Magic:  2/2        EV: 12    Int:  9    God:
Gold:   52         SH:  0    Dex: 13    Spells: 1/1 levels left

rFire   x . .      SeeInvis .   a - +0 falchion {long}
rCold   + . .      Faith    .   (no shield)
rNeg    + + +      Spirit   .   b - +0 leather armour
rPois   ∞          Reflect  .   (no helmet)
rElec   .          Harm     .   (no cloak)
rCorr   .          Rampage  .   (no gloves)
Will    .....                   (no boots)
Stlth   ++........              (no amulet)
HPRegen 0.08/turn               (no ring)
MPRegen 0.08/turn               (no ring)

@: no status effects
A: cold resistance 1, negative energy resistance 3, torment resistance 2, heat
vulnerability 1, no potions
a: no special abilities


You were on level 8 of the Dungeon.
You visited 1 branch of the dungeon, and saw 4 of its levels.

You collected 52 gold pieces.


Innate Abilities, Weirdness & Mutations

You are immune to poison.
Your flesh is cold resistant. (rC+)
You are immune to negative energy. (rN+++)
You are immune to unholy pain and torment.
You are vulnerable to heat. (rF-)
You do not drink.


   Skills:
 - Level 3.1 Fighting
 - Level 1.7 Long Blades
 + Level 2.0 Dodging
 - Level 4.2 Stealth


You had one spell level left.
You didn't know any spells.
Your spell library contained the following spells:

 Spells                   Type           Power      Damage    Failure   Level
 Portal Projectile        Hex/Tloc       0%         N/A       83%         3
 Excruciating Wounds      Necr           0%         N/A       100%        5
 Blade Hands              Tmut           Unusable   N/A       N/A         5

Inventory:

Hand Weapons
 a - a +0 falchion (weapon) {long}
Armour
 b - a +0 leather armour (worn)
Wands
 f - a wand of digging (2)
Scrolls
 c - a scroll of fog

Dungeon Overview and Level Annotations

Branches:
Dungeon (8/15)
 Temple: D:4-7         Lair: D:8-11

Altars:

Annotations:
D:7 exclusions: kobold brigand and sky beast
D:8 exclusions: ice beast and wight

#.##.##.# #.##..#.#
#.###.#.# #..^....# ##+##
#..##.#.# ##...## #.......#
##.....## ##.##.#.##
##.......##
##.##....####...l.....#
............+...@.....+
######...####.........# #
#..## ##.......## # #.##
##.###.###.## # #.#
###............. #
##.###...##.###.###.# #
##...##.#.#...........#. #
##.#.#...#...##.###.##...
#.##.....#.#.#.......#.#.##


You could see a wyvern.


Message History

You hit the white imp but do no damage. The white imp barely misses you.
You barely miss the white imp. The white imp gestures at you.
The puff of frost hits you. You resist.
* * * LOW HITPOINT WARNING * * *
😨 HP[-5]
You take 5 damage, and now have 12/24 hp.
MASSIVE DAMAGE!! (PAUSE)
You closely miss the white imp. The white imp hits you.
* * * LOW HITPOINT WARNING * * *
The white imp freezes you. You resist.
* * * LOW HITPOINT WARNING * * *
The white imp hits you.
* * * LOW HITPOINT WARNING * * *
The white imp freezes you. You resist.
* * * LOW HITPOINT WARNING * * *
😱 HP[-6]
You take 6 damage, and now have 6/24 hp.
MASSIVE DAMAGE!! (PAUSE)
You can't drink.
As you read the scroll labelled CEADUD FIHEWN, it crumbles to dust.
Magic quickly surges around you.
It was a scroll of vulnerability.
The white imp barely misses you.
You hit the white imp.
The white imp grins evilly.
The white imp barely misses you.
You hit the white imp.
The white imp closely misses you. 😨 HP[+1]
You closely miss the white imp.
The white imp hits you but does no damage.
You hit the white imp.
You kill the white imp!
Your Dodging skill increases to level 2!
You start resting.
You feel your willpower return. 😎 HP[+17]
Your hp is fully restored (24).
Found a stone staircase leading up.
You now have 38 gold pieces (gained 10).
There is a stone staircase leading up here.
You climb upwards.
There is a stone staircase leading down here.
Unknown command.
Unknown command.
Really read
d - a scroll of magic mapping {!r}?
As you read the scroll of magic mapping {!r}, it crumbles to dust.
You feel aware of your surroundings.
Unknown command.
A hound comes into view.
You open the door.
A sky beast comes into view.
There is an open door here.
You close the door.
There is a stone staircase leading down here.
You climb downwards.
There is a stone staircase leading up here.
A sky beast comes into view.
A sky beast is nearby!
Press: ? - help, v - describe, . - travel
Here: a sky beast (asleep)
The floor.
Placed new exclusion.
You now have 52 gold pieces (gained 14).
A kobold brigand comes into view.
It is wielding a +0 whip and quivering poisoned darts.
Press: ? - help, v - describe, . - travel
Here: a kobold brigand, wielding a +0 whip and quivering poisoned darts (asleep)
The floor.
Placed new exclusion.
Key pressed, stopping explore.
A wyvern comes into view.
The wyvern hisses angrily.
You see here 13 gold pieces.
Aiming: Dig
Press: ? - help, Shift-Dir - straight line A rock wall.
The rock shatters into small pieces.
The wyvern attacks as you move away! The wyvern misses you.
There is a stone staircase leading down here.
Okay, then.
You can't drink.
The wyvern barely misses you. The black bear misses you.
The black bear claws you. The black bear misses you. The wyvern bites you.
You climb downwards.
You hear the roar of battle.
There is an entrance to a bailey on this level.
Hurry and find it before the portal closes forever!
Level annotation: exclusions: ice beast and wight You hear the loud creaking of a distant portcullis.
There is a stone staircase leading up here. 😕 HP[-5]
You take 5 damage, and now have 19/24 hp.
MASSIVE DAMAGE!! (PAUSE) Unknown command.
You barely miss the wyvern. The wyvern bites you. 😮 HP[-2]
You take 2 damage, and now have 17/24 hp.
You barely miss the wyvern.
The portcullis has been lowered almost to the ground.
The wyvern barely misses you. The wyvern bites you!!
Ouch! That really hurt!
You die...

Skill      XL: |  1  2 |
---------------+-------+-----
Dodging        | 2 |  2.0
Fighting       | |  3.1
Long Blades    | |  1.7
Stealth        | |  4.2

Action                   || total
-------------------------++-------
Melee: Falchion          ||    22
       Punch             ||     1
Evoke: Wand              ||     1
  Use: Scroll            ||     3
Armor: Leather armour    ||     6
Dodge: Dodged            ||    23

Levels and vault maps discovered:
D:5:      layout_cave_pools, temple_pool_b, serial_glass, glass_columns_a,
          glass_columns_a, due_unseen_surprise, item_on_display_a,
          item_on_display_a, chequers_decorated_corner, uniq_menkaure
D:6:      layout_loops_ring, minmay_strange_pillars, minmay_fountain_box,
          bh_walls_and_bars
D:7:      layout_layer_cave
D:8:      layout_loops_corners, enter_bailey_3,
          nicolae_concentric_dashed_squares_mild, supply_closet_lemuel

Notes
Turn   | Place    | Note
-------+----------+-------------------------------------------
     0 | D:5      | spaghetti the Mummy Delver began the quest for the Orb.
     0 | D:5      | Reached XP level 1. HP: 18/18 MP: 1/1
     0 | D:5      | magus.rc [v1.9.6]
     5 | D:5      | You pick up a book of Weapons and begin reading...
     5 | D:5      | You add the spells Portal Projectile and Excruciating
                  | Wounds to your library.
    60 | D:6      | Noticed a scorpion
    98 | D:7      | Noticed a black bear
   111 | D:8      | HP: 4/18 [adder (3)]
   115 | D:8      | Reached XP level 2. HP: 6/24 MP: 2/2
   369 | D:8      | Noticed an ice beast
   427 | D:8      | Noticed a wight
   462 | D:7      | HP: 6/24 [white imp (1)]
   468 | D:7      | Reached skill level 2 in Dodging
   693 | D:6      | Noticed a sky beast
   705 | D:7      | Noticed a sky beast
   734 | D:7      | Noticed a kobold brigand
   797 | D:7      | Noticed a wyvern
   809 | D:8      | Slain by a wyvern

Vanquished Creatures
  An adder (D:8)
  A white imp (D:7)
2 creatures vanquished.

Table legend:
 A = Non-vault XP
 B = Vault XP
 C = Vault XP percentage of total XP
 D = Non-vault monster count
 E = Vault monster count
 F = Vault count percentage of total count
                 A         B        C        D         E       F
            +---------+---------+-------+---------+---------+-------
      Total |      24 |       0 |   0.0 |       2 |       0 |   0.0
            +---------+---------+-------+---------+---------+-------
        D:7 |      10 |       0 |   0.0 |       1 |       0 |   0.0
        D:8 |      14 |       0 |   0.0 |       1 |       0 |   0.0
            +---------+---------+-------+---------+---------+-------

Illustrated notes

Table legend:
 A = Kills in this place as a percentage of kills in entire the game.
 B = Kills by you in this place as a percentage of kills by you in the entire game.
 C = Kills by friends in this place as a percentage of kills by friends in the entire game.
 D = Other kills in this place as a percentage of other kills in the entire game.
 E = Experience gained in this place as a percentage of experience gained in the entire game.
 F = Experience gained in this place divided by the number of levels of this place that you have seen.
                   A       B       C       D       E      F
               +-------+-------+-------+-------+-------+----------------------
         Total | 100.0 | 100.0 |   N/A |   N/A | 100.0 |   6.0
       Dungeon | 100.0 | 100.0 |   N/A |   N/A | 100.0 |   6.0
               +-------+-------+-------+-------+-------+----------------------

Table legend: (Time is in decaauts)
 A = Elapsed time spent in this place.
 B = Non-inter-level travel time spent in this place.
 C = Inter-level travel time spent in this place.
 D = Time resting spent in this place.
 E = Time spent auto-exploring this place.
 F = Levels seen in this place.
 G = Mean time per level.
                   A        B        C        D        E       F      G
               +--------+--------+--------+--------+--------+-----+--------+
         Total |    816 |    810 |      6 |    425 |    255 |   4 |  204.0 |
       Dungeon |    816 |    810 |      6 |    425 |    255 |   4 |  204.0 |
               +--------+--------+--------+--------+--------+-----+--------+

Top non-repeatable levels by time:
     D:7: 352 daAuts
     D:8: 347 daAuts
     D:6: 96 daAuts
     D:5: 19 daAuts
